 Dungeon Crawl Stone Soup version 0.29.1-4-g47bece8355 (webtiles) character file.

Game seed: 14467427766890112031

1494 iamoutofideas the Cleaver (level 8, 0/66 HPs)
             Began as a Hill Orc Berserker on Dec 8, 2022.
             Was a Priest of Trog.
             Slain by a lemure (2 damage)
             ... led by Pikel
             ... on level 6 of the Dungeon.
             The game lasted 00:05:23 (5971 turns).

iamoutofideas the Cleaver (Hill Orc Berserker)      Turns: 5971, Time: 00:05:25

Health: 0/66       AC:  7    Str: 28    XL:     8   Next: 81%
Magic:  8/8        EV: 11    Int:  7    God:    Trog [***...]
Gold:   306        SH:  0    Dex: 10    Spells: 7/7 levels left

rFire   . . .      SeeInvis .   y - +0 hand axe (flame)
rCold   . . .      Faith    .   (no shield)
rNeg    . . .      Spirit   .   d - +0 ring mail
rPois   .          Reflect  .   p - +0 helmet
rElec   .          Harm     .   k - +0 cloak
rCorr   .          Rampage  .   (no gloves)
Will    +....                   (no boots)
Stlth   ..........              (no amulet)
HPRegen 0.21/turn               o - ring of willpower
MPRegen 0.11/turn               n - +6 ring of strength

@: brilliant, on berserk cooldown
A: no striking features
a: Renounce Religion, Berserk, Trog's Hand


You were on level 6 of the Dungeon.
You worshipped Trog.
Trog was most pleased with you.
You visited 2 branches of the dungeon, and saw 7 of its levels.

You collected 306 gold pieces.

Inventory:

Hand Weapons
 a - a +0 hand axe
 y - a +0 hand axe of flaming (weapon)
Armour
 d - a +0 ring mail (worn)
 k - a +0 cloak (worn)
 p - a +0 helmet (worn)
 t - +0 acid dragon scales
 z - a +0 chain mail of cold resistance
Jewellery
 g - a ring of resist corrosion
 n - a +6 ring of strength (right hand)
 o - a ring of willpower (left hand)
Wands
 l - a wand of roots (10)
Scrolls
 e - 2 scrolls of identify
 h - 3 scrolls of fog {unknown}
 i - 2 scrolls of poison
 m - a scroll of fear {unknown}
 q - a scroll of noise {unknown}
 r - a scroll of magic mapping {unknown}
 u - 2 scrolls of amnesia {unknown}
 A - a scroll of enchant armour {unknown}
Potions
 j - a potion of ambrosia {unknown}
 w - a potion of haste {unknown}
 x - a potion of degeneration {unknown}


   Skills:
 - Level 3.7 Fighting
 + Level 14.0 Axes
 - Level 2.4 Armour
 - Level 1.7 Dodging
 - Level 0.1 Stealth


You had 7 spell levels left.
You didn't know any spells.
Your spell library contained the following spells:

 Spells                   Type           Power      Damage    Failure   Level
 Apportation              Tloc           0%         N/A       56%         1
 Ensorcelled Hibernation  Hex/Ice        0%         N/A       71%         2
 Passwall                 Tmut/Erth      0%         N/A       71%         2
 Swiftness                Air            0%         N/A       90%         3
 Alistair's Intoxication  Tmut/Pois      0%         N/A       100%        5


Dungeon Overview and Level Annotations

Branches:
Dungeon (6/15)             Temple (1/1) D:4

Altars:
Cheibriados
Elyvilon
Fedhas
Gozag
Hepliaklqana
Kikubaaqudgha
Makhleb
Okawaru
Ru
Sif Muna
Trog
Uskayaw
Vehumet
Wu Jian
Xom
Yredelemnul
Zin
The Shining One

Shops:
D:5 *

Annotations:
D:4 2 transporters, silentkaos13's ghost, amateur DsGl
D:6 Blork the orc; Pikel


Message History

The lemure misses you.
Unknown command.
Okay, then.
It was a potion of invisibility.
You fade into invisibility!
The orc wizard misses you.
Pikel hits you with a +1 whip of flaming.
Pikel burns you. The lemure misses you. The lemure closely misses you. x2
The orc wizard barely misses you. The lemure barely misses you.
The lemure closely misses you.
Pikel hits you with a +1 whip of flaming.
Pikel burns you. The lemure closely misses you.
It was a potion of cancellation.
Your magical effects are unravelling.
You feel magically purged.
You feel yourself speed up.
You flicker back into view.
The lemure shouts!
The orc wizard barely misses you.
Pikel hits you with a +1 whip of flaming!
* * * LOW HITPOINT WARNING * * *
Pikel burns you.
* * * LOW HITPOINT WARNING * * *
The lemure hits you but does no damage. x2; The lemure hits you!
* * * LOW HITPOINT WARNING * * *
Unknown command.
You feel better.
The orc wizard hits you but does no damage.
Pikel hits you with a +1 whip of flaming!
* * * LOW HITPOINT WARNING * * *
Pikel burns you.
* * * LOW HITPOINT WARNING * * *
The lemure barely misses you. x2; The lemure hits you but does no damage.
Unknown command.
It was a potion of brilliance.
You feel clever all of a sudden.
The orc wizard hits you with a +0 dagger.
* * * LOW HITPOINT WARNING * * *
Pikel says, "You'll burn in Gehenna!"
Pikel misses you. The lemure closely misses you. The lemure hits you.
You die...

#. ## ##.#. ##.. ..
.... ....####+ .#
##.#.# #. #.......
.......#... #.......
.#..)... ##.......
.....#.#..........
#o5o..5.. #.o..{..
#@# #.o..5..
#.5K5.......o.##.###
#.#.##(###.# #.###
...... .. #.... #.#
##. .# #.... #/ .# #
#.... . .. #..<. .
.. #####


You could see Pikel, Blork the orc, 4 lemures and an orc wizard.

Vanquished Creatures
  A shadow (D:6)
  Duvessa (D:5)
  An orc warrior (D:5)
  A black bear (D:5)
  An ogre (D:5)
  A centaur (D:5)
  A phantom (D:5)
  A necrophage (D:5)
  Dowan (D:5)
  A howler monkey (D:6)
  4 orc priests
  4 hounds (D:5)
  Natasha (twice) (D:2)
  Terence (D:2)
  3 iguanas
  2 orc wizards (D:5)
  Robin (D:2)
  12 adders
  A worm (D:2)
  2 dart slugs
  15 orcs
  3 ball pythons
  A bat (D:1)
  5 endoplasms
  4 giant cockroaches
  8 goblins
  17 hobgoblins
  3 jackals (D:2)
  5 quokkas
  5 frilled lizards
  7 kobolds
  5 rats
120 creatures vanquished.

Vanquished Creatures (others)
  A fungus (D:4)
  6 plants (D:4)
  2 toadstools (D:4)
9 creatures vanquished.

Grand Total: 129 creatures vanquished

Notes
Turn   | Place    | Note
-------+----------+-------------------------------------------
     0 | D:1      | iamoutofideas the Hill Orc Berserker began the quest for
                  | the Orb.
     0 | D:1      | Reached XP level 1. HP: 19/19 MP: 1/1
   188 | D:1      | Found a faded altar of an unknown god.
   384 | D:1      | Reached XP level 2. HP: 24/26 MP: 2/2
   959 | D:2      | Reached skill level 5 in Axes
   959 | D:2      | Reached XP level 3. HP: 33/33 MP: 3/3
  1253 | D:2      | Noticed Natasha
  1261 | D:2      | Killed Natasha
  1262 | D:2      | Reached skill level 6 in Axes
  1262 | D:2      | Reached XP level 4. HP: 26/40 MP: 4/4
  1674 | D:2      | Noticed Robin
  1678 | D:2      | Reached ** piety under Trog
  1687 | D:2      | Killed Robin
  1702 | D:2      | Noticed Terence
  1717 | D:2      | Killed Terence
  1718 | D:2      | Reached skill level 7 in Axes
  1718 | D:2      | Reached XP level 5. HP: 19/46 MP: 5/5
  2126 | D:2      | Noticed Natasha
  2133 | D:2      | Killed Natasha
  2604 | D:3      | Found a sacrificial altar of Ru.
  2674 | D:3      | Found a faded altar of an unknown god.
  2678 | D:3      | Found a radiant altar of Vehumet.
  2764 | D:4      | Reached skill level 8 in Axes
  2767 | D:4      | Reached XP level 6. HP: 52/52 MP: 6/6
  3040 | D:4      | Found a staircase to the Ecumenical Temple.
  3131 | Temple   | Entered the Ecumenical Temple
  3380 | D:4      | Reached skill level 9 in Axes
  3753 | D:4      | Found a transporter.
  3768 | D:4      | Noticed silentkaos13's ghost (amateur DsGl)
  3771 | D:4      | Found a transporter.
  4162 | D:5      | Entered Level 5 of the Dungeon
  4196 | D:5      | Reached XP level 7. HP: 27/58 MP: 7/7
  4513 | D:5      | Reached skill level 10 in Axes
  4734 | D:5      | Reached skill level 11 in Axes
  4840 | D:5      | Reached *** piety under Trog
  4841 | D:5      | Reached XP level 8. HP: 66/66 MP: 8/8
  4842 | D:5      | Reached skill level 12 in Axes
  4998 | D:5      | Found Vatragomn's Assorted Antiques.
  4998 | D:5      | Noticed Duvessa
  4998 | D:5      | Noticed Dowan
  5011 | D:5      | Killed Dowan
  5014 | D:5      | Killed Duvessa
  5015 | D:5      | Reached skill level 13 in Axes
  5948 | D:6      | Noticed a shadow
  5955 | D:6      | Killed a shadow
  5956 | D:6      | Reached skill level 14 in Axes
  5962 | D:6      | Noticed Blork the orc
  5964 | D:6      | Noticed Pikel
  5969 | D:6      | HP: 2/66 [lemure[Pikel] (8)]
  5971 | D:6      | Slain by a lemure

Illustrated notes

Levels and vault maps discovered:
D:1:      nagdon_arrival_zigzag_paths, layout_loops_ring,
          chequers_ecumenical_altar_simple_redux
D:2:      layout_loops_ring, patterned_corridor, uniq_robin, uniq_natasha,
          uniq_terence
D:3:      layout_rooms, nicolae_overflow_ecumenical_swirl,
          nicolae_ru_awakened_eye
D:4:      layout_basic, minmay_temple_entry_grid, gammafunk_ghost_mausoleum,
          kennysheep_cross_bottleneck, st_stairs_1, grunt_decor_cap,
          minmay_gold_behind_fungi, chequers_decorated_corner,
          guppyfry_early_lair_pool
D:5:      layout_cave_pods, serial_shops, shop, water_boxes_lemuel, uniq_duvessa
D:6:      layout_gridville, serial_shops, shop_fountains, minmay_diced_spiral,
          uniq_blork_the_orc, uniq_pikel
Temple:   minmay_temple_bridge_d

Skill      XL: |  1  2  3  4  5  6  7  8 |
---------------+-------------------------+-----
Axes           | 5 6 7 8 9 11 14 | 14.0
Fighting       | |  3.7
Armour         | |  2.4
Dodging        | |  1.7
Stealth        | |  0.1

Action                   |  1- 3 |  4- 6 |  7- 9 || total
-------------------------+-------+-------+-------++-------
Melee: Hand axe          |    88 |   175 |    97 ||   360
       Punch             |       |     1 |     1 ||     2
Invok: Berserk           |     2 |     2 |     4 ||     8
  Use: Scroll            |       |     3 |     1 ||     4
       Potion            |       |       |     7 ||     7
Armor: Leather armour    |    22 |    61 |    27 ||   110
       Animal skin       |     4 |       |       ||     4
       Ring mail         |       |       |    14 ||    14
Dodge: Dodged            |    57 |    97 |    78 ||   232
